 Dungeon Crawl Stone Soup version 0.28-a0-655-g4eb62b627b (webtiles) character file.

Game seed: 13225380670345846894

901 KoroneIsBestGirl the Frost Mage (level 8, -4/52 HPs)
             Began as a Barachi Ice Elementalist on Oct 12, 2021.
             Was an Initiate of Gozag.
             Slain by Duvessa (14 damage)
             ... on level 6 of the Dungeon.
             The game lasted 00:06:46 (6644 turns).

KoroneIsBestGirl the Frost Mage (BaIE)              Turns: 6644, Time: 00:06:48

Health: -4/52      AC:  4    Str: 10    XL:     8   Next: 7%
Magic:  7/15       EV: 17    Int: 29    God:    Gozag
Gold:   532        SH:  0    Dex: 12    Spells: 12/16 levels left

rFire   . . .      SeeInvis .   s - +1 quarterstaff "Bingo" {vorpal, Int+5}
rCold   . . .      Faith    .   (shield currently unavailable)
rNeg    . . .      Spirit   .   a - +0 robe
rPois   .          Reflect  .   (no helmet)
rElec   .          Harm     .   t - +1 cloak
rCorr   .          Rampage  .   (no gloves)
Will    .....                   (no boots)
Stlth   ++........              (no amulet)
HPRegen 0.17/turn               m - +6 ring of intelligence
MPRegen 0.14/turn               p - +4 ring of evasion

@: gold aura, freezing walls, very slightly contaminated, slow
A: amphibious, slowness 1, strong legs 1, +LOS
a: Hop, Renounce Religion, Potion Petition, Call Merchant, Bribe Branch


You were on level 6 of the Dungeon.
You worshipped Gozag.
Gozag was pleased with you.
You visited 2 branches of the dungeon, and saw 7 of its levels.
You also visited: Ossuary.

You collected 584 gold pieces.
You paid 52 gold pieces to Gozag.

Inventory:

Hand Weapons
 e - a +1 whip of flaming
 s - the +1 quarterstaff "Bingo" (weapon) {vorpal, Int+5}
   (You found it on level 5 of the Dungeon)

   It inflicts extra damage upon your enemies.
   Int:       It affects your intelligence (+5).
Missiles
 l - 4 throwing nets
Armour
 a - a +0 robe (worn)
 t - a +1 cloak (worn)
Jewellery
 k - a ring of resist corrosion
 m - a +6 ring of intelligence (left hand)
 p - a +4 ring of evasion (right hand)
Wands
 o - a wand of flame (38)
Scrolls
 d - 3 scrolls of magic mapping {unknown}
 f - 3 scrolls of enchant weapon {unknown}
 g - a scroll of vulnerability {unknown}
 j - 4 scrolls of teleportation {unknown}
 n - a scroll of identify {unknown}
 u - 2 scrolls of acquirement {unknown}
 w - a scroll of amnesia {unknown}
 x - 2 scrolls of immolation {unknown}
 y - a scroll of noise {unknown}
Potions
 b - 2 potions of degeneration {unknown}
 c - a potion of cancellation {unknown}
 h - a potion of mutation {unknown}
 i - a potion of might {unknown}
 q - 3 potions of curing {unknown}
 r - a potion of flight {unknown}
 v - a potion of ambrosia {unknown}
 z - a potion of haste {unknown}
 A - 2 potions of resistance {unknown}


   Skills:
 + Level 2.4 Staves
 + Level 5.2 Dodging
 - Level 1.7 Stealth
 + Level 4.8 Spellcasting
 * Level 8.6 Ice Magic


You had 12 spell levels left.
You knew the following spells:

 Your Spells              Type           Power      Damage    Failure   Level
a - Freeze                Ice            100%       1d11      1%          1
b - Frozen Ramparts       Ice            100%       1d12      1%          3

Your spell library contained the following spells:

 Spells                   Type           Power      Damage    Failure   Level
 Ozocubu's Armour         Ice            54%        N/A       1%          3
 Static Discharge         Conj/Air       7%         N/A       10%         2
 Hailstorm                Conj/Ice       32%        3d8       11%         4
 Lightning Bolt           Conj/Air       3%         1d15      87%         5
 Maxwell's Capacitive Co  Air            3%         ∞         100%        8


Dungeon Overview and Level Annotations

Branches:
Dungeon (6/15)             Temple (1/1) D:4         Ossuary (visited)

Altars:
Cheibriados
Dithmenos
Elyvilon
Fedhas
Gozag
Hepliaklqana
Kikubaaqudgha
Makhleb
Nemelex Xobeh
Okawaru
Qazlal
Ru
Trog
Uskayaw
Vehumet
Wu Jian
Xom
Yredelemnul
Zin
The Shining One

Shops:
D:1 !   D:4 *

Annotations:
D:6 Duvessa


Innate Abilities, Weirdness & Mutations

You are amphibious.
You cover ground slowly.
You can hop short distances.
You have an extended range of vision and can be seen from far away.


Message History

You are very lightly contaminated with residual magic.
Nothing appears to happen.
Duvessa barely misses you.
Unknown command.
Casting: Frozen Ramparts (safe; 1% risk of failure)
Confirm with . or Enter, or press ? or * to list all spells.
Casting: Frozen Ramparts (safe; 1% risk of failure)
Press: ? - help, Dir - look around, f - activate The walls around you are covered in ice.
The wall freezes Duvessa.
Duvessa hits you with a +0 vampiric short sword!
Duvessa draws strength from your wounds!
The wall freezes Dowan!
Dowan hits you with a +0 dagger.
The wall freezes Duvessa.
Duvessa barely misses you.
You are too injured to fight recklessly!
Casting: Frozen Ramparts (safe; 1% risk of failure)
Confirm with . or Enter, or press ? or * to list all spells.
Aiming: Freeze (safe; 1% risk of failure)
Press: ? - help, Shift-Dir - straight line, f - Dowan
Aim: Dowan, wielding a +0 dagger and wearing a +0 robe (moderately wounded)
You freeze Dowan!
Dowan is almost dead.
The wall freezes Duvessa.
Duvessa barely misses you.
The wall freezes Dowan.
You kill Dowan!
Duvessa weeps, then rights herself and shakes her weapon.
Duvessa goes berserk!
The wall freezes something.
Casting: Freeze (safe; 1% risk of failure)
Confirm with . or Enter, or press ? or * to list all spells.
Aiming: Freeze (safe; 1% risk of failure)
Press: ? - help, Shift-Dir - straight line, f - Duvessa
Aim: Duvessa, wielding a +0 vampiric short sword and wearing a +4 ring mail of willpower (lightly wounded, berserk, fast)
You freeze Duvessa.
Duvessa is lightly wounded.
The wall freezes Duvessa!
Duvessa hits you with a +0 vampiric short sword!
* * * LOW HITPOINT WARNING * * *
The wall freezes something.
Something closely misses you.
The wall freezes Duvessa.
Duvessa hits you with a +0 vampiric short sword!
You die...
Your body crumbles into a pile of gold.

......##.........#...#
.................##..#
...........##..... ##
...........#.....#
...............##
................#
.........<$...###
.......##$e....#
....... ##@(..##
...... ###.## ....##
## ...# ... ..


You could see Duvessa (berserk, fast).

Vanquished Creatures
  A black bear (D:4)
  An elf zombie (Ossuary)
  3 scorpions
  Dowan (D:6)
  A centaur zombie (Ossuary)
  2 hounds (D:5)
  A centaur skeleton (D:4)
  A jelly (D:5)
  Crazy Yiuf (D:4)
  An orc wizard (D:6)
  4 hound zombies (Ossuary)
  3 mummies (Ossuary)
  8 adders
  3 gnolls (D:4)
  An adder skeleton (D:4)
  2 adder zombies (Ossuary)
  3 dart slugs
  6 orcs
  5 ball pythons
  8 endoplasms
  4 giant cockroaches
  4 gnoll zombies (Ossuary)
  3 goblins
  5 hobgoblins
  8 kobolds
  6 quokkas
  4 bats
  3 frilled lizards
  2 goblin zombies (Ossuary)
  3 hobgoblin zombies (Ossuary)
  3 jackal zombies (Ossuary)
  5 kobold zombies (Ossuary)
  5 quokka zombies (Ossuary)
  4 rats
  3 rat zombies (Ossuary)
118 creatures vanquished.

Notes
Turn   | Place    | Note
-------+----------+-------------------------------------------
     0 | D:1      | KoroneIsBestGirl the Barachi Ice Elementalist began the
                  | quest for the Orb.
     0 | D:1      | Reached XP level 1. HP: 13/13 MP: 3/3
   415 | D:1      | Reached skill level 5 in Ice Magic
   415 | D:1      | Reached XP level 2. HP: 15/19 MP: 3/5
   513 | D:1      | Found Vannetur's Distillery.
   629 | D:1      | Found a faded altar of an unknown god.
  1124 | D:1      | Reached XP level 3. HP: 14/24 MP: 4/7
  1820 | D:2      | Learned a level 3 spell: Frozen Ramparts
  2361 | D:3      | Reached XP level 4. HP: 28/30 MP: 6/8
  3094 | D:4      | Found a staircase to the Ecumenical Temple.
  3106 | Temple   | Entered the Ecumenical Temple
  3241 | Temple   | Became a worshipper of Gozag Ym Sagoz the Greedy
  3306 | D:4      | Found an ornate altar of the Wu Jian Council.
  3401 | D:4      | Noticed a black bear
  3409 | D:4      | Killed a black bear
  3410 | D:4      | Reached skill level 6 in Ice Magic
  3410 | D:4      | Reached XP level 5. HP: 15/35 MP: 1/10
  3635 | D:4      | Reached XP level 6. HP: 33/41 MP: 7/11
  3895 | D:4      | Found Rieta's Assorted Antiques.
  4131 | D:4      | Found a runed translucent door.
  4132 | D:4      | Noticed Crazy Yiuf
  4206 | D:4      | Reached skill level 7 in Ice Magic
  4334 | D:4      | Killed Crazy Yiuf
  4458 | D:5      | Entered Level 5 of the Dungeon
  4594 | D:5      | Found a sparkling altar of Nemelex Xobeh.
  4604 | D:5      | Found a glowing golden altar of the Shining One.
  4607 | D:5      | Identified the +1 quarterstaff "Bingo" {vorpal, Int+5}
  4760 | D:5      | Reached XP level 7. HP: 46/46 MP: 9/13
  4913 | D:5      | Found a sand-covered staircase.
  4927 | Ossuary  | Entered an ossuary
  4979 | Ossuary  | Reached skill level 1 in Staves
  5265 | Ossuary  | Reached skill level 8 in Ice Magic
  5635 | D:5      | Reached skill level 5 in Dodging
  5957 | D:5      | Found a white marble altar of Elyvilon.
  6575 | D:6      | Noticed Dowan
  6578 | D:6      | Noticed Duvessa
  6586 | D:5      | Reached XP level 8. HP: 44/52 MP: 11/15
  6643 | D:6      | Killed Dowan
  6644 | D:6      | Slain by Duvessa

Illustrated notes

Levels and vault maps discovered:
D:1:      sevenhm_arrival_forest_fort_small_3, layout_basic,
          ebering_ecumenical_altar_abandoned, serial_curves, eino_curves_01,
          eino_curves_02, serial_shops, shop_fountains,
          wad_floor_pattern_untrapped, minmay_cut_off
D:2:      layout_basic
D:3:      layout_rooms, hex_large
D:4:      layout_loops_ring, mainiacjoe_overflow_24_doors,
          minmay_temple_entry_ruins, serial_shops, nicolae_diamond_shop,
          minmay_quantized, uniq_crazy_yiuf_cottage
D:5:      layout_cave_pods, mainiacjoe_overflow_boulevard,
          grunt_temple_overflow_open, serial_column_ruins,
          column_ruins_open_small, column_ruins_open_tiny,
          column_ruins_columns_water, column_ruins_grid_2,
          lightli_ossuary_entry_decrepit_ruins, minmay_stone_trees_small
D:6:      layout_cave_pools, nicolae_sif_muna_condensation, serial_park,
          serial_park_square2, serial_park_tiny_1, serial_park_tiny_2,
          serial_park_tiny_1, uniq_duvessa
Temple:   lightli_temple_of_artemis

Skill      XL: |  1  2  3  4  5  6  7 |
---------------+----------------------+-----
Ice Magic      | 5 6 7 8 |  8.6
Dodging        | 3 4 5 |  5.2
Spellcasting   | 3 4 |  4.8
Staves         | 2 |  2.4
Stealth        | |  1.7

Action                   |  1- 3 |  4- 6 |  7- 9 || total
-------------------------+-------+-------+-------++-------
Melee: Unarmed           |    12 |       |       ||    12
       Whip              |     6 |    18 |       ||    24
       Quarterstaff      |       |       |   172 ||   172
 Cast: Freeze            |    53 |    47 |    20 ||   120
       Frozen Ramparts   |       |     4 |     2 ||     6
 Abil: Hop               |       |       |     1 ||     1
 Stab: Sleeping          |       |     2 |     2 ||     4
Armor: Robe              |     6 |     5 |    47 ||    58
Dodge: Dodged            |    43 |    55 |   186 ||   284

Table legend: (Time is in decaauts)
 A = Elapsed time spent in this place.
 B = Non-inter-level travel time spent in this place.
 C = Inter-level travel time spent in this place.
 D = Time resting spent in this place.
 E = Time spent auto-exploring this place.
 F = Levels seen in this place.
 G = Mean time per level.
                   A        B        C        D        E       F      G
               +--------+--------+--------+--------+--------+-----+--------+
         Total |   7342 |   7110 |    232 |    384 |   5799 |   8 |  917.8 |
       Dungeon |   6397 |   6192 |    205 |    384 |   5155 |   6 | 1066.2 |
        Temple |    177 |    150 |     27 |      0 |    141 |   1 |  177.0 |
       Ossuary |    767 |    767 |      0 |      0 |    502 |   1 |  767.0 |
               +--------+--------+--------+--------+--------+-----+--------+

Top non-repeatable levels by time:
     D:1: 1563 daAuts
     D:4: 1550 daAuts
     D:5: 1503 daAuts
     D:2: 995 daAuts
 Ossuary: 767 daAuts
     D:3: 675 daAuts
  Temple: 177 daAuts
     D:6: 108 daAuts
